 Dungeon Crawl Stone Soup version 0.29.0-5-ge4962eb29e (webtiles) character file.

Game seed: 11635735841723228297

16 Armakuni the Trooper (level 3, 0/33 HPs)
             Began as a Meteoran Delver on Aug 28, 2022.
             Succumbed to an adder's poison
             ... on level 5 of the Dungeon.
             The game lasted 00:01:33 (253 turns).

Armakuni the Trooper (Meteoran Delver)               Turns: 253, Time: 00:01:34

Health: 0/33       AC:  6    Str: 16    XL:     3   Next: 0%
Magic:  4/4        EV: 11    Int: 11    God:
Gold:   0          SH:  0    Dex: 15    Spells: 2/2 levels left

rFire   . . .      SeeInvis .   a - +0 mace
rCold   . . .      Faith    .   (no shield)
rNeg    . . .      Spirit   .   h - +1 ring mail
rPois   .          Reflect  .   (no helmet)
rElec   .          Harm     .   (no cloak)
rCorr   .          Rampage  .   (no gloves)
Will    .....                   (no boots)
Stlth   +.........              (no amulet)
HPRegen 0.11/turn               (no ring)
MPRegen 0.09/turn               (no ring)

@: lethally poisoned (0 -> -1), hasted, glowing, very quick
A: sense surroundings 1, otherworldly, glowing, explore regen
a: no special abilities


You were on level 5 of the Dungeon.
You visited 1 branch of the dungeon, and saw 3 of its levels.

Inventory:

Hand Weapons
 a - a +0 mace (weapon)
Armour
 h - a +1 ring mail (worn)
Wands
 g - a wand of digging (3)
Scrolls
 c - a scroll of fog


   Skills:
 + Level 3.8 Fighting
 - Level 2.6(3.0) Maces & Flails
 + Level 1.7(2.3) Staves
 - Level 2.4 Dodging
 - Level 3.7 Stealth


You had 2 spell levels left.
You didn't know any spells.
Your spell library was empty.

Dungeon Overview and Level Annotations

Branches:
Dungeon (7/15) Zot: 1544
 Temple: D:4-7

Altars:


Innate Abilities, Weirdness & Mutations

You passively map a small area around you.
You are easily found by Zot.
You glow in the dark.
You regain HP and MP as you explore.


Message History

The adder is almost dead.
The adder closely misses you. The ufetubus hits you. x2
The adder barely misses you.
You hit the adder but do no damage.
The adder is almost dead.
The ufetubus hits you but does no damage.
The ufetubus hits you. The adder bites you but does no damage.
The ufetubus barely misses you.
The ufetubus hits you but does no damage.
You closely miss the adder.
The adder is almost dead.
The adder closely misses you. The ufetubus closely misses you. x2
The ice beast barely misses you.
The ufetubus hits you but does no damage.
The ufetubus hits you. The adder bites you.
You are poisoned.
The adder poisons you! The ice beast closely misses you.
You hit the adder.
You kill the adder!
You feel sick. The ufetubus closely misses you.
The ufetubus hits you but does no damage.
The ice beast hits you. The ice beast freezes you!
The ufetubus closely misses you.
The ufetubus hits you but does no damage.
The adder bites you but does no damage.
You have reached level 3!
Your experience leads to an increase in your attributes!
Increase (S)trength, (I)ntelligence, or (D)exterity?
You feel stronger. x3
Okay, then.
Okay, then.
You feel yourself speed up.
You feel sick. The ufetubus barely misses you. x2
The adder bites you but does no damage. The ice beast hits you.
* * * LOW HITPOINT WARNING * * *
The ice beast freezes you!
* * * LOW HITPOINT WARNING * * *
Unknown command.
You sock the adder!
The adder is almost dead.
You die...

,,,****,,........#.[#.#
,,,,,***,...........#.#
,,,,,,***#.......#..#.# ,****,,*
####....#....# ,,,*#..#*
####.#..########### ,,.,#...*
###.).#............# ,,..#...*
##.....#.##########.#
,,,Y.S..#*#....Y5#.# #.#
****#....##..###@#.# #.# **
#....#...###S#.##########.##
,*###....#...##..#>............#
,,.......Y.S.....###############
**################


You could see an ice beast, an adder and an ufetubus.

Vanquished Creatures
  An adder (D:5)
  An ufetubus (D:5)
  An orc (D:5)
3 creatures vanquished.

Notes
Turn   | Place    | Note
-------+----------+-------------------------------------------
     0 | D:5      | Armakuni the Meteoran Delver began the quest for the Orb.
     0 | D:5      | Reached XP level 1. HP: 19/19 MP: 2/2
   119 | D:7      | Noticed a scorpion
   226 | D:5      | Reached skill level 1 in Staves
   226 | D:5      | Reached XP level 2. HP: 26/26 MP: 3/3
   237 | D:5      | Noticed an ice beast
   252 | D:5      | Reached XP level 3. HP: 11/33 MP: 4/4
   252 | D:5      | HP: 1/33 [ice beast (8)]
   253 | D:5      | Succumbed to an adder's poison

Illustrated notes

Levels and vault maps discovered:
D:5:      minmay_recursive_quarters, layout_basic, serial_rivers,
          chequers_serial_rivers_small_a, chequers_serial_rivers_room_a,
          chequers_serial_rivers_room_b, chequers_serial_rivers_large_a,
          chequers_serial_rivers_micro_a, chequers_serial_rivers_micro_b,
          ebering_ghost_reflecting_pool, serial_bayou_crossing
D:6:      layout_loops_corners, nicolae_overflow_crystal_walls, temple_doors_cd,
          serial_shops, shop
D:7:      layout_loops_ring, nicolae_overflow_two_pavilions,
          mainiacjoe_overflow_paths, kennysheep_pointless_box

Skill      XL: |  1 |
---------------+----+-----
Staves         | 1 |  1.7
Fighting       | |  3.8
Maces & Flails | |  2.6
Dodging        | |  2.4
Stealth        | |  3.7

Action                   || total
-------------------------++-------
Melee: Mace              ||     9
  Use: Scroll            ||     3
       Potion            ||     1
Armor: Ring mail         ||    12
Dodge: Dodged            ||    14
